 Dungeon Crawl Stone Soup version 0.28.0-62-gf88900778d (webtiles) character file.

Game seed: 14214005473476723744

227 tkbsonic5 the Bolt Thrower (level 5, -5/49 HPs)
             Began as a Deep Dwarf Hunter on Nov 10, 2023.
             Killed by divine providence
             ... invoked by an orc priest
              (10 damage)
             ... on level 3 of the Dungeon.
             The game lasted 00:04:13 (1765 turns).

tkbsonic5 the Bolt Thrower (Deep Dwarf Hunter)      Turns: 1765, Time: 00:04:14

Health: -5/49      AC:  3    Str: 17    XL:     5   Next: 70%
Magic:  5/5        EV: 12    Int: 12    God:
Gold:   68         SH:  0    Dex: 13    Spells: 4/4 levels left

rFire   . . .      SeeInvis .   i - +0 quarterstaff
rCold   . . .      Faith    .   (shield currently unavailable)
rNeg    . . .      Spirit   .   c - +0 leather armour
rPois   .          Reflect  .   (no helmet)
rElec   .          Harm     .   (no cloak)
rCorr   .          Rampage  .   (no gloves)
Will    .....                   (no boots)
Stlth   ++........              (no amulet)
HPRegen 0.00/turn               (no ring)
MPRegen 0.09/turn               (no ring)

@: no status effects
A: damage resistance, heal wounds, sense surroundings 1, no regeneration
a: Heal Wounds


You were on level 3 of the Dungeon.
You visited 1 branch of the dungeon, and saw 3 of its levels.

You collected 68 gold pieces.

Inventory:

Hand Weapons
 a - a +1 hand crossbow
 i - a +0 quarterstaff (weapon)
 p - a +0 war axe
Missiles
 n - 13 sling bullets
Armour
 c - a +0 leather armour (worn)
 o - a +0 chain mail
Magical Staves
 f - a staff of fire
Jewellery
 h - a ring of protection from cold
Scrolls
 b - a scroll of vulnerability {unknown}
 e - 2 scrolls of identify {unknown}
 k - 2 scrolls of teleportation {unknown}
 l - a scroll of fog {unknown}
 m - a scroll of enchant armour {unknown}
Potions
 j - a potion of invisibility {unknown}


   Skills:
 * Level 3.0 Fighting
 * Level 1.4 Staves
 * Level 5.3 Crossbows
 + Level 1.6 Armour
 + Level 3.0 Dodging
 + Level 2.6 Stealth
 + Level 1.9 Evocations


You had 4 spell levels left.
You didn't know any spells.
Your spell library contained the following spells:

 Spells                   Type           Power      Damage    Failure   Level
 Beastly Appendage        Tmut           0%         N/A       36%         1
 Wereblood                Tmut           0%         N/A       52%         2
 Spider Form              Tmut/Pois      0%         N/A       75%         3


Dungeon Overview and Level Annotations

Branches:
Dungeon (3/15)

Altars:
Xom

Annotations:
D:3 Robin


Innate Abilities, Weirdness & Mutations

You are resistant to damage.
You can heal yourself by infusing magical energy.
You passively map a small area around you.
You do not regenerate.


Message History

The goblins go into a battle-frenzy!
The goblin hits you but does no damage.
You hit the hobgoblin.
The hobgoblin is moderately wounded.
The hobgoblin hits you but does no damage.
You completely miss the hobgoblin.
The hobgoblin is moderately wounded.
The hobgoblin misses you. The hobgoblin completely misses you.
A goblin comes into view. It is wielding a +0 club.
You completely miss the hobgoblin.
The hobgoblin is moderately wounded.
The hobgoblin hits you.
The goblin shouts!
You thump the hobgoblin!
You kill the hobgoblin!
An orc priest comes into view. It is wielding a +0 mace.
The goblin completely misses you.
The orc priest shouts!
You hit the goblin.
The goblin is severely wounded.
Robin throws the goblin at you! The goblin misses you.
You barely miss the goblin.
The goblin is severely wounded.
The goblin hits you with a +0 club. The goblin hits you with a +0 dagger.
The orc priest mumbles some strange prayers to Beogh against you.
Beogh smites you!
It was a potion of curing.
You feel better. The goblin barely misses you.
The goblin hits you with a +0 dagger.
You closely miss the goblin. The goblin hits you with a +0 club.
The goblin closely misses you. The goblin hits you with a +0 club.
You sock the goblin!
You kill the goblin!
The orc priest mumbles some strange prayers to Beogh against you.
Beogh smites you!
* * * LOW HITPOINT WARNING * * *
The goblin hits you with a +0 club.
* * * LOW HITPOINT WARNING * * *
The orc priest calls down the wrath of Beogh upon you.
Beogh smites you!
You die...

, , , <, , , ** , * * * .. **
#. ... , , *######## #.####.#
. , *#......# #.#....# g..
#......# ....(.#
.....##.....g#########.....#
g....'')(.)ogg@g...........#
...gg'#......####.......##.#
g.........#### #.......##.#
#+##......# #........#.#
#......# #......#.#.# ##+#####
* #......#.#.# ,, , , ,
........#...# *, **
###########..#
#.#########################†.#


You could see Robin, an orc priest, a hobgoblin (strong) and 2 goblins.

Vanquished Creatures
  A centaur (D:2)
  A howler monkey (D:2)
  3 adders
  A gnoll (D:2)
  A worm (D:2)
  2 orcs (D:3)
  4 ball pythons
  3 bats (D:1)
  6 endoplasms
  3 giant cockroaches
  11 goblins
  7 hobgoblins
  2 jackals (D:2)
  2 quokkas
  7 frilled lizards
  5 kobolds
  8 rats
67 creatures vanquished.

Notes
Turn   | Place    | Note
-------+----------+-------------------------------------------
     0 | D:1      | tkbsonic5 the Deep Dwarf Hunter began the quest for the
                  | Orb.
     0 | D:1      | Reached XP level 1. HP: 19/19 MP: 1/1
   103 | D:1      | Reached XP level 2. HP: 24/26 MP: 2/2
   570 | D:1      | Reached XP level 3. HP: 27/32 MP: 3/3
   797 | D:2      | Found a shimmering altar of Xom.
   832 | D:2      | Noticed a scorpion
   832 | D:2      | a gnoll changed into a scorpion
   839 | D:2      | Noticed a centaur
   839 | D:2      | a scorpion changed into a centaur
   853 | D:2      | Reached skill level 5 in Crossbows
   853 | D:2      | Reached skill level 1 in Armour
   853 | D:2      | Reached XP level 4. HP: 38/40 MP: 4/4
   856 | D:2      | Killed a centaur
   857 | D:2      | Reached skill level 1 in Staves
   857 | D:2      | Reached skill level 1 in Evocations
   857 | D:2      | Reached XP level 5. HP: 43/48 MP: 5/5
  1588 | D:2      | Found a faded altar of an unknown god.
  1731 | D:3      | Noticed Robin
  1765 | D:3      | Killed from afar by an orc priest

Illustrated notes

Levels and vault maps discovered:
D:1:      saegor_arrival_simple_a, layout_loops_ring, serial_forest,
          infiniplex_forest_zigzag_1, infiniplex_forest_lined_3,
          infiniplex_forest_straight_4, infiniplex_forest_straight_2,
          infiniplex_forest_lined_room_2, infiniplex_forest_straight_3,
          infiniplex_forest_3_way, infiniplex_forest_clump_C,
          infiniplex_forest_clump_small, infiniplex_forest_end_2,
          dk_noncrumbling_3, chequers_serial_rivers_micro_d
D:2:      layout_basic, basic_altar, ebering_ecumenical_altar_webs,
          kennysheep_donut
D:3:      layout_basic, uniq_robin

Skill      XL: |  1  2  3  4  5 |
---------------+----------------+-----
Fighting       | 2 3 |  3.0
Stealth        | 2 |  2.6
Crossbows      | 5 |  5.3
Armour         | 1 |  1.6
Staves         | 1 |  1.4
Evocations     | 1 |  1.9
Dodging        | 3 |  3.0

Action                   |  1- 3 |  4- 6 || total
-------------------------+-------+-------++-------
Melee: Short sword       |    13 |       ||    13
       Quarterstaff      |    16 |    67 ||    83
 Fire: Hand crossbow     |    29 |    20 ||    49
 Abil: Heal Wounds       |     1 |       ||     1
Evoke: Wand              |     5 |     1 ||     6
  Use: Potion            |       |     1 ||     1
 Stab: Sleeping          |     1 |       ||     1
Armor: Leather armour    |    10 |    36 ||    46
Dodge: Dodged            |    22 |    65 ||    87
